 Dungeon Crawl Stone Soup version 0.28.0-43-g3370ac3207 (webtiles) character file.

Game seed: 8953041105888963267

2849 Woods the Chiller (level 9, -1/54 HPs)
             Began as a Gargoyle Ice Elementalist on Mar 7, 2022.
             Was an Initiate of Yredelemnul.
             Slain by a slime creature (12 damage)
             ... on level 7 of the Dungeon.
             The game lasted 00:12:19 (9783 turns).

Woods the Chiller (Gargoyle Ice Elementalist)       Turns: 9783, Time: 00:12:19

Health: -1/54      AC: 18    Str: 12    XL:     9   Next: 74%
Magic:  10/18      EV: 13    Int: 20    God:    Yredelemnul [......]
Gold:   385        SH:  0    Dex: 10    Spells: 9/20 levels left

rFire   . . .      SeeInvis .   b - +0 war axe
rCold   . . .      Faith    .   (no shield)
rNeg    + . .      Spirit   .   a - +0 robe
rPois   ∞          Reflect  .   q - +0 helmet
rElec   +          Harm     .   p - +0 cloak
rCorr   .          Rampage  .   (no gloves)
Will    .....                   (no boots)
Stlth   +++.......              (no amulet)
HPRegen 0.18/turn               (no ring)
MPRegen 0.16/turn               (no ring)

@: ice-armoured (expiring), freezing walls
A: sickness immunity, AC +6, negative energy resistance 1, electricity
resistance, torment resistance 1, petrification resistance
a: Renounce Religion, Recall Undead Harvest


You were on level 7 of the Dungeon.
You worshipped Yredelemnul.
Yredelemnul was noncommittal.
You visited 2 branches of the dungeon, and saw 8 of its levels.

You collected 385 gold pieces.

Inventory:

Hand Weapons
 b - a +0 war axe (weapon)
Armour
 a - a +0 robe (worn)
 p - a +0 cloak (worn)
 q - a +0 helmet (worn)
Jewellery
 w - a ring of resist corrosion
 x - an amulet of guardian spirit
Wands
 y - a wand of mindburst (21)
Scrolls
 c - a scroll of summoning {unknown}
 d - a scroll of brand weapon {unknown}
 i - 2 scrolls of enchant armour
 j - 2 scrolls of fear
 k - a scroll of torment {unknown}
 l - 2 scrolls of magic mapping
 n - 3 scrolls of vulnerability
 o - a scroll of immolation {unknown}
 r - 3 scrolls of enchant weapon
Potions
 e - a potion of degeneration {unknown}
 f - 2 potions of brilliance
 h - 3 potions of invisibility
 m - 3 potions of curing
 s - a potion of resistance {unknown}
 t - a potion of ambrosia {unknown}
 u - 3 potions of mutation
 v - a potion of flight {unknown}


   Skills:
 - Level 5.0 Fighting
 - Level 5.0 Dodging
 - Level 5.0 Stealth
 + Level 6.3 Spellcasting
 - Level 4.0 Conjurations
 - Level 7.0 Ice Magic
 * Level 3.3 Invocations


You had 9 spell levels left.
You knew the following spells:

 Your Spells              Type           Power      Damage    Failure   Level
a - Freeze                Ice            100%       1d11      1%          1
b - Frozen Ramparts       Ice            68%        1d8       1%          3
c - Ozocubu's Armour      Ice            34%        N/A       1%          3
d - Hailstorm             Conj/Ice       28%        3d8       11%         4

Your spell library contained the following spells:

 Spells                   Type           Power      Damage    Failure   Level


Dungeon Overview and Level Annotations

Branches:
Dungeon (7/15)             Temple (1/1) D:5

Altars:
Ashenzari
Gozag
Hepliaklqana
Kikubaaqudgha
Okawaru
Ru
Sif Muna
Wu Jian
Xom
Yredelemnul
The Shining One

Shops:
D:4 *   D:6 [(


Innate Abilities, Weirdness & Mutations

You are immune to sickness and miasma.
Your stone body is resilient. (AC +6)
You are immune to poison.
You resist negative energy. (rN+)
You are resistant to electric shocks. (rElec)
You are resistant to unholy torment.
You are immune to petrification.


Message History

The walls around you are covered in ice.
The killer bee zombie completely resists.
The wall freezes the killer bee zombie but does no damage.
The killer bee zombie completely resists.
The wall freezes the killer bee zombie but does no damage.
The wall freezes the slime creature.
The slime creature hits you but does no damage.
The killer bee zombie completely resists.
The wall freezes the killer bee zombie but does no damage.
The wall freezes the slime creature!
The slime creature misses you.
The killer bee zombie resists.
The wall freezes the killer bee zombie.
You barely miss the slime creature.
The slime creature is heavily wounded.
The killer bee zombie completely resists.
The wall freezes the killer bee zombie but does no damage.
The killer bee zombie completely resists.
The wall freezes the killer bee zombie but does no damage.
The wall freezes the slime creature.
The slime creature hits you.
* * * LOW HITPOINT WARNING * * *
You hit the slime creature.
The slime creature is severely wounded.
Your icy armour starts to melt.
The killer bee zombie completely resists.
The wall freezes the killer bee zombie but does no damage.
A water moccasin comes into view.
The killer bee zombie completely resists.
The wall freezes the killer bee zombie but does no damage.
The wall freezes the slime creature!
The slime creature hits you.
* * * LOW HITPOINT WARNING * * *
The killer bee zombie resists.
The wall freezes the killer bee zombie.
The wall freezes the slime creature.
The slime creature barely misses you.
Aiming: Freeze (safe; 1% risk of failure)
Press: ? - help, Q - select action, (/) - cycle Shift-Dir - straight line, f - slime creature
Aim: a slime creature (severely wounded, ally target)
You freeze the slime creature!
The slime creature is almost dead.
The wall freezes the water moccasin.
The wall freezes the slime creature.
The slime creature hits you!
You die...
Your body rises from the dead as a mindless zombie.

#...##### ......
##..###..###.....
#..###....###....
#..##......##....
##................
#..#######..#####.
#.## #..# ###. #Z#
#.####... #@#
#........ #J#
#.....>.. #S#
#....)...
#Z########........
#.....D....<......
#.....J...........
#...#.............
#...#.............
#...#.#.#.........


You could see a slime creature (ally target), a water moccasin, a killer bee
zombie and a friendly steam dragon zombie.

Vanquished Creatures
  A gargoyle (D:7)
  A kobold demonologist (D:7)
  A hornet (D:4)
  A steam dragon (D:7)
  A water moccasin (D:5)
  4 sky beasts
  An ogre (D:5)
  A necrophage (D:6)
  3 centaurs
  A phantom (D:6)
  A kobold brigand (D:6)
  4 scorpions
  A water moccasin zombie (D:5)
  A water moccasin skeleton (D:5)
  3 howler monkeys
  3 hounds
  2 bullfrog zombies
  A bullfrog skeleton (D:6)
  2 iguanas
  An orc wizard (D:6)
  A hound skeleton (D:4)
  6 adders
  2 shadow imps
  A white imp (D:6)
  2 worms (D:3)
  A dart slug (D:3)
  20 orcs
  8 ball pythons
  2 endoplasms (D:2)
  4 giant cockroaches
  6 goblins
  9 hobgoblins
  5 jackals
  2 quokkas
  7 bats
  2 frilled lizards
  11 kobolds
  6 rats
129 creatures vanquished.

Vanquished Creatures (collateral kills)
  A bullfrog (D:7)
  An iguana (D:7)
2 creatures vanquished.

Vanquished Creatures (others)
  A centaur zombie (D:7)
  A bullfrog zombie (D:7)
  A howler monkey zombie (D:7)
  2 plants (D:2)
5 creatures vanquished.

Grand Total: 136 creatures vanquished

Notes
Turn   | Place    | Note
-------+----------+-------------------------------------------
     0 | D:1      | Woods the Gargoyle Ice Elementalist began the quest for the
                  | Orb.
     0 | D:1      | Reached XP level 1. HP: 10/10 MP: 3/3
   168 | D:1      | Reached XP level 2. HP: 13/15 MP: 0/5
   874 | D:1      | Reached XP level 3. HP: 17/19 MP: 3/6
   881 | D:1      | Learned a level 3 spell: Frozen Ramparts
   885 | D:1      | Learned a level 3 spell: Ozocubu's Armour
  1372 | D:2      | Found a faded altar of an unknown god.
  1388 | D:2      | Noticed a scorpion
  1393 | D:2      | Killed a scorpion
  1394 | D:2      | Reached skill level 5 in Ice Magic
  1394 | D:2      | Reached XP level 4. HP: 17/24 MP: 2/8
  2179 | D:2      | Reached XP level 5. HP: 28/28 MP: 8/10
  2243 | D:2      | Found a glowing golden altar of the Shining One.
  3961 | D:4      | Found Lerag's Elemental Accessories.
  4009 | D:4      | Reached XP level 6. HP: 32/32 MP: 12/12
  4039 | D:4      | Noticed a hornet
  4050 | D:4      | Killed a hornet
  4051 | D:4      | Reached skill level 5 in Spellcasting
  4051 | D:4      | Reached skill level 6 in Ice Magic
  4051 | D:4      | Reached XP level 7. HP: 36/36 MP: 3/14
  4357 | D:4      | Found a glowing golden altar of the Shining One.
  4541 | D:5      | Entered Level 5 of the Dungeon
  5427 | D:5      | Reached skill level 7 in Ice Magic
  5643 | D:5      | Reached skill level 1 in Fighting
  5643 | D:5      | Reached XP level 8. HP: 20/43 MP: 8/17
  6522 | D:5      | Found a staircase to the Ecumenical Temple.
  6873 | D:6      | Found an ornate altar of the Wu Jian Council.
  7064 | D:6      | Found an iron altar of Okawaru.
  7068 | D:6      | Found an opulent altar of Gozag.
  7073 | D:6      | Found a hazy altar of Hepliaklqana.
  7130 | D:6      | Found Wyal's Antique Weapon Boutique.
  8182 | D:6      | Found Xufoot's Antique Armour Shoppe.
  8697 | D:7      | Reached skill level 5 in Stealth
  8968 | D:7      | Noticed a cyclops
  9014 | D:6      | Learned a level 4 spell: Hailstorm
  9029 | D:7      | Noticed a gargoyle
  9037 | D:7      | Killed a gargoyle
  9038 | D:7      | Reached XP level 9. HP: 7/52 MP: 11/18
  9488 | Temple   | Entered the Ecumenical Temple
  9494 | Temple   | Became a worshipper of Yredelemnul the Dark
  9532 | D:7      | Reached skill level 5 in Fighting
  9534 | D:7      | Identified the ring "Iculahoi" {rPois SInv}
  9553 | D:7      | Reached * piety under Yredelemnul
  9564 | D:7      | Identified the ring "Quoficaf" {+Blink rF+ rN+ MP+9}
  9564 | D:7      | Noticed a kobold demonologist
  9566 | D:7      | Reached skill level 5 in Dodging
  9573 | D:7      | Killed a kobold demonologist
  9574 | D:7      | Reached ** piety under Yredelemnul
  9722 | D:7      | Noticed a boulder beetle
  9783 | D:7      | Slain by a slime creature

Illustrated notes

Levels and vault maps discovered:
D:1:      minmay_arrival_jagged, layout_loops_ring
D:2:      layout_basic, serial_forest, infiniplex_forest_corner_1,
          infiniplex_forest_lined_corner, infiniplex_forest_lined_2,
          infiniplex_forest_lined_room_2, infiniplex_forest_diagonal,
          infiniplex_forest_clump_double, infiniplex_forest_lined_1,
          infiniplex_forest_lined_room_2, infiniplex_forest_lined_ring,
          basic_altar, basic_ecumenical_altar
D:3:      layout_basic, grunt_ministairs_14, minmay_box_of_dots
D:4:      layout_basic, mainiacjoe_overflow_cross_hatched,
          chequers_serial_rivers_large_a, grunt_decor_junction,
          nicolae_concentric_dashed_squares_mild, nicolae_elemental_shop
D:5:      minmay_inner_zag, layout_basic, minmay_temple_entry_purple_smoke,
          kennysheep_generic_room_14
D:6:      layout_basic, grunt_temple_overflow_diamond,
          mainiacjoe_overflow_24_doors, serial_shops, shop,
          nicolae_shop_hallway_stairs, ebering_dispersal_statue_hall
D:7:      minmay_the_grid_triangle_9x9_rhombus_thin
          [minmay_the_grid_triangle_9x9_windchime,
          minmay_the_grid_triangle_9x9_prize_special,
          minmay_the_grid_triangle_9x9_cache,
          minmay_the_grid_triangle_9x9_steps], layout_rooms,
          hangedman_decor_lopped, kennysheep_another_room, minivault_19,
          minmay_chambers_of_fives
Temple:   eino_temple_rhombus

Skill      XL: |  1  2  3  4  5  6  7  8  9 |
---------------+----------------------------+-----
Spellcasting   | 3 4 5 6 |  6.3
Ice Magic      | 5 6 7 |  7.0
Fighting       | 1 4 5 |  5.0
Dodging        | 2 4 5 |  5.0
Stealth        | 5 |  5.0
Conjurations   | 2 4 |  4.0
Invocations    | 3 |  3.3

Action                   |  1- 3 |  4- 6 |  7- 9 || total
-------------------------+-------+-------+-------++-------
Melee: Unarmed           |    12 |    24 |   255 ||   291
       Punch             |       |     1 |     4 ||     5
       War axe           |       |       |    63 ||    63
 Cast: Freeze            |    41 |    81 |    32 ||   154
       Frozen Ramparts   |     1 |     4 |    37 ||    42
       Ozocubu's Armour  |       |     1 |    18 ||    19
  Use: Scroll            |       |     1 |    10 ||    11
 Stab: Distracted        |       |     1 |       ||     1
       Sleeping          |       |       |     1 ||     1
Armor: Robe              |    10 |    29 |   210 ||   249
Dodge: Dodged            |    41 |    63 |   234 ||   338
